 Dungeon Crawl Stone Soup version 0.27-a0-1202-ge72e49191c (webtiles) character file.

Game seed: 16552160343442877425

97 Ijustatesigmund the Skirmisher (level 4, 0/37 HPs)
             Began as a Demonspawn Fighter on June 2, 2021.
             Slain by a goblin
             ... wielding a +2 dagger of electrocution
              (13 damage)
             ... on level 3 of the Dungeon.
             The game lasted 00:03:58 (2525 turns).

Ijustatesigmund the Skirmisher (Demonspawn Fighter) Turns: 2525, Time: 00:03:58

Health: 0/37       AC: 13    Str: 17    XL:     4   Next: 42%
Magic:  4/4        EV:  6    Int:  9    God:
Gold:   86         SH:  8    Dex: 13    Spells: 3/3 levels left

rFire    . . .     SeeInvis .   a - +1 war axe
rCold    . . .     Faith    .   c - +0 kite shield
rNeg     . . .     Spirit   .   b - +0 scale mail
rPois    .         Reflect  .   (no helmet)
rElec    .         Harm     .   (no cloak)
rCorr    .         Rampage  .   l - +2 pair of gloves {archery}
Will     .....                  (no boots)
Stlth    ..........             (no amulet)
HPRegen  0.12/turn              g - +4 ring of protection
MPRegen  0.18/turn              (no ring)

@: mighty
A: hooves 1, magic regeneration
a: no special abilities


You were on level 3 of the Dungeon.
You visited 1 branch of the dungeon, and saw 3 of its levels.

You collected 86 gold pieces.

Inventory:

Hand Weapons
 a - a +1 war axe (weapon)
Armour
 b - a +0 scale mail (worn)
 c - a +0 kite shield (worn)
 l - a +2 pair of gloves of archery (worn)
Magical Staves
 p - a staff of death
Jewellery
 g - a +4 ring of protection (left hand)
 m - a +6 ring of intelligence
Scrolls
 e - a scroll of noise {unknown}
 j - 3 scrolls of identify
 k - a scroll of immolation
Potions
 h - a potion of ambrosia
 i - 3 potions of curing


   Skills:
 + Level 3.9 Fighting
 * Level 3.6 Axes
 - Level 2.6 Armour
 - Level 2.6 Shields


You had 3 spell levels left.
You didn't know any spells.
Your spell library contained the following spells:

 Spells                   Type           Power      Damage    Failure   Level
 Animate Skeleton         Necr           0%         N/A       100%        1
 Beastly Appendage        Tmut           0%         N/A       100%        1
 Pain                     Necr           0%         1d4       100%        1
 Wereblood                Tmut           0%         N/A       100%        2
 Spider Form              Tmut/Pois      0%         N/A       100%        3
 Vampiric Draining        Necr           0%         2d6       100%        3
 Animate Dead             Necr           0%         N/A       100%        4
 Ice Form                 Ice/Tmut       0%         N/A       100%        4
 Agony                    Necr           0%         N/A       100%        5
 Hydra Form               Tmut           0%         N/A       100%        5


Dungeon Overview and Level Annotations

Branches:
Dungeon (3/15)

Altars:
Nemelex Xobeh
Sif Muna
Yredelemnul

Shops:
D:1 *   D:2 *   D:3 (

Annotations:
D:3 Jessica


Innate Abilities, Weirdness & Mutations

You have large cloven feet.
You regenerate magic rapidly.


Message History

You miss the adder. You kick the adder.
The adder is moderately wounded.
You closely miss the goblin. You block the adder's attack.
The goblin hits you but does no damage. The adder bites you but does no damage.
Jessica hits you with a +0 club.
You barely miss Jessica. You kick Jessica.
Jessica is lightly wounded.
You miss the goblin. You miss the adder. Jessica hits you with a +0 club.
You block the goblin's attack. The adder closely misses you.
You block Jessica's attack. The goblin hits you but does no damage.
You are electrocuted!
The adder barely misses you.
You closely miss Jessica. Your kick misses Jessica.
Jessica is lightly wounded.
You closely miss the adder. You closely miss the goblin.
Jessica points at you and mumbles some strange words.
You barely resist. You block the adder's attack.
Jessica hits you with a +0 club.
* * * LOW HITPOINT WARNING * * *
The goblin closely misses you. The adder bites you.
* * * LOW HITPOINT WARNING * * *
You feel much better. Jessica hits you but does no damage.
The goblin closely misses you. You block the adder's attack.
Jessica hits you with a +0 club.
You feel very mighty all of a sudden. You block the adder's attack.
You block Jessica's attack. The goblin hits you but does no damage.
You are electrocuted!
You barely miss Jessica. You kick Jessica.
Jessica is severely wounded.
You barely miss the goblin. You closely miss the adder.
Jessica looks very angry.
You block Jessica's attack. You block the adder's attack.
The goblin hits you but does no damage.
Jessica mumbles some strange words.
Jessica blinks!
The adder bites you but does no damage. The goblin closely misses you.
You slash the adder!
You kill the adder!
You miss the goblin. The goblin hits you but does no damage.
You are electrocuted!
You die...

##.........
#.......... ###
#..........
..########
#..........
..).......
#..........
.)).......
#..........
..........
#...g...@..
..........
#..@...>...
..........
#...§......
..........
#.#########
.......... #.#
#'######## #.#
#.# #†# #.# #.#
#.############.#
..#............#


You could see Jessica (fast) and a goblin.

Vanquished Creatures
  Natasha (D:3)
  3 adders (D:3)
  A worm (D:2)
  2 dart slugs
  7 orcs
  4 ball pythons
  3 bats
  3 endoplasms
  2 giant cockroaches
  A goblin (D:1)
  3 hobgoblins
  2 jackals (D:2)
  A kobold (D:1)
  A quokka (D:2)
  2 frilled lizards
  6 rats
42 creatures vanquished.

Vanquished Creatures (others)
  2 plants (D:1)
2 creatures vanquished.

Grand Total: 44 creatures vanquished

Notes
Turn   | Place    | Note
-------+----------+-------------------------------------------
     0 | D:1      | Ijustatesigmund the Demonspawn Fighter began the quest for
                  | the Orb.
     0 | D:1      | Reached XP level 1. HP: 18/18 MP: 1/1
   107 | D:1      | Found Kaociu's General Store.
   204 | D:1      | Found a faded altar of an unknown god.
   284 | D:1      | Gained mutation: You regenerate magic rapidly. [demonic
                  | ancestry]
   284 | D:1      | Reached XP level 2. HP: 14/24 MP: 2/2
  1454 | D:2      | Reached XP level 3. HP: 19/29 MP: 3/3
  1650 | D:2      | Found Pohoass's Assorted Antiques.
  1796 | D:3      | Found a basalt altar of Yredelemnul.
  1796 | D:3      | Found a shimmering blue altar of Sif Muna.
  1796 | D:3      | Found a sparkling altar of Nemelex Xobeh.
  2131 | D:3      | Found Yrrin's Weapon Shop.
  2163 | D:3      | Noticed Natasha
  2177 | D:3      | Killed Natasha
  2328 | D:3      | Gained mutation: You have large cloven feet. [demonic
                  | ancestry]
  2328 | D:3      | Reached XP level 4. HP: 37/37 MP: 4/4
  2513 | D:3      | Noticed Jessica
  2525 | D:3      | Slain by a goblin

Illustrated notes

Levels and vault maps discovered:
D:1:      dpeg_arrival_circle_labyrinth_c, layout_rooms, serial_shops,
          nicolae_shop_stone, chequers_ecumenical_altar_lobes, minmay_vboxes
D:2:      layout_basic, serial_shops, shop
D:3:      layout_basic, grunt_temple_overflow_open, serial_shops,
          nicolae_shop_competitors_out_of_business, uniq_natasha, uniq_jessica

Skill      XL: |  1  2  3 |
---------------+----------+-----
Axes           | 2 3 |  3.6
Fighting       | |  3.9
Armour         | |  2.6
Shields        | |  2.6

Action                   |  1- 3 |  4- 6 || total
-------------------------+-------+-------++-------
Melee: War axe           |   117 |    25 ||   142
       Kick              |       |     5 ||     5
  Use: Scroll            |     8 |       ||     8
       Potion            |       |     3 ||     3
Armor: Scale mail        |    84 |    23 ||   107
Dodge: Dodged            |    42 |    11 ||    53
Block: Kite shield       |    62 |    22 ||    84

Table legend: (Time is in decaauts)
 A = Elapsed time spent in this place.
 B = Non-inter-level travel time spent in this place.
 C = Inter-level travel time spent in this place.
 D = Time resting spent in this place.
 E = Time spent auto-exploring this place.
 F = Levels seen in this place.
 G = Mean time per level.
                   A        B        C        D        E       F      G
               +--------+--------+--------+--------+--------+-----+--------+
         Total |   2625 |   2551 |     74 |    163 |   1982 |   3 |  875.0 |
       Dungeon |   2625 |   2551 |     74 |    163 |   1982 |   3 |  875.0 |
               +--------+--------+--------+--------+--------+-----+--------+

Top non-repeatable levels by time:
     D:2: 988 daAuts
     D:1: 845 daAuts
     D:3: 791 daAuts
